Match 47273473
Unlisted

Match 47273473
End
Engineer Squad
Construct Weapon Support Center
Selects Heavy Weapons
M1919 Machine Gun Team
M1919 Machine Gun Team
M1919 Machine Gun Team
Infantry Support Center
Selects Assault Carriers
M3 Assault Carrier
M3 Assault Carrier
Selects Exchangeable Parts
M3 Assault Carrier
M3 Assault Carrier
M3 Assault Carrier
M3 Assault Carrier
Engineer Squad
Selects Towed M5 3-inch Anti-tank Gun
Towed M5 3-inch Anti-tank Gun
M3 Assault Carrier
M3 Assault Carrier
Selects M2HB .50cal Heavy Machine Gun
Towed M5 3-inch Anti-tank Gun
M3 Assault Carrier
Selects Rapid Reposition
Selects Bolstered Team Weapons
Engineer Squad
M3 Assault Carrier
Towed M5 3-inch Anti-tank Gun
M3 Assault Carrier
Towed M5 3-inch Anti-tank Gun
lemerman9
gabman6
CoH3Master
Jackie Daytona
meedlefinger
foxinsox00
Wrath of Spinach
Tangy Salts
0
0

Comments sign in to comment!

No comments posted yet!